 Dungeon Crawl Stone Soup version 0.22-a0-533-g4d20840 (webtiles) character file.

11 iamserjio the Charmwright (level 2, 0/26 HPs)
             Began as a Gnoll Skald on June 22, 2018.
             Slain by an orc
             ... wielding a +3 falchion of freezing
              (9 damage)
             ... on level 3 of the Dungeon.
             The game lasted 00:01:26 (164 turns).

iamserjio the Charmwright (Gnoll Skald)              Turns: 164, Time: 00:01:27

Health: 0/26       AC:  3    Str: 13    XL:     2   Next: 25%
Magic:  5/7        EV: 14    Int: 15    God:
Gold:   25         SH:  0    Dex: 14    Spells: 5/10 levels left

rFire    . . .     SeeInvis .   a - +0 hand axe
rCold    . . .     Gourm    .   (no shield)
rNeg     . . .     Faith    .   b - +0 leather armour
rPois    .         Spirit   .   (no helmet)
rElec    .         Reflect  .   (no cloak)
rCorr    .         Harm     .   (no gloves)
MR       .....                  (no boots)
Stlth    +.........             (no amulet)
HPRegen  0.08/turn              (no ring)
MPRegen  0.10/turn              (no ring)

@: singing
A: distributed training, fangs 1, strong nose
a: no special abilities


You were on level 3 of the Dungeon.
You were not hungry.

You visited 1 branch of the dungeon, and saw 3 of its levels.

You collected 25 gold pieces.

Inventory:

Hand Weapons
 a - a +0 hand axe (weapon)
 e - a +0 quarterstaff
Missiles
 g - 8 poisoned needles
Armour
 b - a +0 leather armour (worn)
Scrolls
 f - a scroll of remove curse {unknown}
 h - a scroll of random uselessness {unknown}
 i - a scroll of fear {unknown}
Potions
 c - a potion of invisibility {unknown}
 j - a potion of berserk rage {unknown}
 k - a potion of cancellation {unknown}
Comestibles
 d - 2 rations


   Skills:
 + Level 4.4 Fighting
 + Level 0.3 Short Blades
 + Level 0.3 Long Blades
 + Level 4.4 Axes
 + Level 0.3 Maces & Flails
 + Level 0.3 Polearms
 + Level 0.3 Staves
 + Level 0.3 Slings
 + Level 0.3 Bows
 + Level 0.3 Crossbows
 + Level 0.3 Throwing
 + Level 2.4 Armour
 + Level 4.4 Dodging
 + Level 0.3 Stealth
 + Level 0.3 Shields
 + Level 0.3 Unarmed Combat
 + Level 4.9 Spellcasting
 + Level 0.2 Conjurations
 + Level 0.2 Hexes
 + Level 5.3 Charms
 + Level 0.2 Summonings
 + Level 0.2 Necromancy
 + Level 0.2 Translocations
 + Level 0.2 Transmutations
 + Level 0.2 Fire Magic
 + Level 0.2 Ice Magic
 + Level 0.2 Air Magic
 + Level 0.2 Earth Magic
 + Level 0.2 Poison Magic
 + Level 0.4 Invocations
 + Level 0.3 Evocations


You had 5 spell levels left.
You knew the following spells:

 Your Spells              Type           Power        Failure   Level  Hunger
a - Infusion              Chrm           ###.         2%          1    None
b - Song of Slaying       Chrm           ###.....     3%          2    ##.....
c - Shroud of Golubria    Chrm/Tloc      ##........   10%         2    ##.....

Your spell library contained the following spells:

 Spells                   Type           Power        Failure   Level  Hunger
 Regeneration             Chrm/Necr      ##........   21%         3    ###....
 Spectral Weapon          Hex/Chrm       ##......     21%         3    ###....


Dungeon Overview and Level Annotations

Branches:
Dungeon (3/15)

Altars:


Innate Abilities, Weirdness & Mutations

Your experience applies equally to all skills.
You have very sharp teeth.
Your uncanny sense of smell can sniff out nearby items.


Message History

Cast which spell? (? or * to list)
You start singing a song of slaying.
You barely miss the orc. You bite the orc.
The orc is lightly wounded.
You barely miss the orc wizard.
The orc wizard hits you but does no damage.
The orc hits you with a dagger. The orc wizard hits you with a dagger.
You hit the orc.
You kill the orc!
You hit the orc. You hit the orc wizard. The orc closely misses you.
The orc wizard barely misses you. The orc completely misses you.
You hit the orc.
You kill the orc!
You hit the orc wizard. The orc wizard hits you with a dagger.
The orc wizard closely misses you.
You hit the orc wizard.
The orc wizard is heavily wounded.
You barely miss the orc. The orc wizard hits you with a dagger.
The orc hits you with a falchion of freezing!
You die...

#.# # #.#.#
###.#. ....
##.########
#.......[.#####
#..######.....#
#..#...<#..##.#
∆#)@#.......#
#oo#######.#
...g. .#
###.... ##
...... ##......
#.......
#........ #


You could see an orc wizard, an orc and a hobgoblin.

Vanquished Creatures
  2 orcs (D:3)
  A kobold (D:2)
  2 quokkas
  2 bats
  A rat (D:3)
8 creatures vanquished.

Notes
Turn   | Place    | Note
-------+----------+-------------------------------------------
     0 | D:1      | iamserjio the Gnoll Skald began the quest for the Orb.
     0 | D:1      | Reached XP level 1. HP: 20/20 MP: 6/6
   122 | D:2      | Reached XP level 2. HP: 16/26 MP: 7/7
   126 | D:2      | Learned a level 2 spell: Song of Slaying
   131 | D:2      | Learned a level 2 spell: Shroud of Golubria
   164 | D:3      | Slain by an orc

Vault maps used:
D:1:      saegor_arrival_simple_d
D:2:      first_ration, uniq_sigmund

Action                   || total
-------------------------++-------
Melee: Hand axe          ||    23
       Bite              ||     3
 Cast: Song of Slaying   ||     1
Armor: Leather armour    ||     6
Dodge: Dodged            ||    19

Table legend:
 A = Spawn XP
 B = Non-spawn XP
 C = Spawn XP percentage of total XP
 D = Spawn monster count
 E = Non-spawn monster count
 F = Spawn count percentage of total count
 G = Total turns spent on level
                    A         B        C        D         E        F      G
               +---------+---------+-------+---------+---------+-------+---------
         Total |       0 |      16 |   0.0 |       0 |       8 |   0.0 |   164
               +---------+---------+-------+---------+---------+-------+---------
           D:2 |       0 |       6 |   0.0 |       0 |       3 |   0.0 |    92
           D:3 |       0 |      10 |   0.0 |       0 |       5 |   0.0 |    49
               +---------+---------+-------+---------+---------+-------+---------
